Map: Lightshade LE

Players

Heeebster - Winner!

  • Race: Protoss Protoss
  • League: Diamond
  • Spawn Location: 11:00

OldGuy

  • Race: Terran Terran
  • League: Diamond
  • Spawn Location: 5:00

VOD

Have the link to the VOD?

Description

Time

  • Played on: Nov. 16, 2020, 12:52 a.m.
  • Length: 5:03
Show
View Real Time Build Order
Export as new Build Order

Heeebster Protoss - Winner!

Build Orders: Oracle Opening 

Get SALT Encoding   

  12  0:00  Probe  
  13  0:13  Pylon  
  13  0:17  Probe (Chrono Boost)  
  14  0:27  Probe (Chrono Boost)  
  15  0:35  Gateway, Probe  
  16  0:45  Assimilator  
  16  0:47  Probe  
  17  0:51  Assimilator  
  17  1:00  Probe  
  18  1:12  Probe  
  19  1:22  Cybernetics Core  
  19  1:24  Pylon, Probe  
  20  1:36  Probe  
  21  1:40  Pylon  
  21  1:49  Probe  
  22  1:57  Stalker (Chrono Boost)  
  22  1:58  Stargate  
  24  2:03  Probe  
  24  2:07  Warp Gate  
  25  2:19  Gateway  
  25  2:23  Stalker  
  27  2:38  Gateway  
  27  2:41  Oracle (Chrono Boost)  
  30  2:53  Gateway  
  30  3:09  Oracle (Chrono Boost)  
  33  3:16  Pylon  
  33  3:35  Void Ray  
  37  4:05  Stalker x2  
  37  4:06  Zealot x2  
  45  4:24  Pylon  
  45  4:26  Pylon  
  45  4:28  Stalker  
  35  4:54  Stalker x4  
Show
View Real Time Build Order
Export as new Build Order

OldGuy Terran 

Build Orders:  

Get SALT Encoding   

  12  0:00  SCV  
  13  0:12  SCV  
  14  0:17  Supply Depot  
  14  0:25  SCV  
  15  0:39  SCV  
  15  0:40  Barracks  
  16  0:43  Refinery  
  16  0:51  SCV  
  17  1:03  SCV  
  18  1:15  SCV  
  19  1:28  Marine  
  19  1:29  Orbital Command  
  20  1:40  Command Center  
  20  1:48  Barracks Reactor  
  20  1:52  Supply Depot  
  20  2:02  SCV  
  21  2:17  SCV  
  21  2:19  Factory  
  21  2:22  Refinery  
  22  2:27  Marine x2, Bunker  
  24  2:32  SCV  
  24  2:41  Engineering Bay  
  24  2:44  SCV  
  24  2:45  Marine  
  26  2:56  SCV  
  27  3:00  SCV  
  27  3:04  Marine x2  
  30  3:07  Factory Tech Lab  
  30  3:12  SCV  
  31  3:13  Missile Turret  
  31  3:16  Orbital Command  
  25  3:43  Siege Tank  
  25  3:44  SCV  
  24  3:59  SCV  
  23  4:04  SCV  
  24  4:15  SCV  
  24  4:17  SCV  
  26  4:20  Marine x2  
  28  4:27  SCV  
  29  4:38  SCV  
  29  4:40  SCV  
  29  4:43  Marine x2  
Tags
 
Matchup
PvT
Replay Pack
Replays
Spawn Locations
Cross Positions
Add a new tag
Caveats
  • Supply blocks, unpowered buildings, or Contaminate may cause inaccurate times.
  • Supply counts are checked every 10 seconds.